 Dungeon Crawl Stone Soup version 0.27-a0-1189-gb8eb6cee8e (webtiles) character file.

Game seed: 17113921614047579070

492 kae the Cleaver (level 7, 0/63 HPs)
             Began as a Hill Orc Fighter on May 22, 2021.
             Slain by Menkaure (20 damage)
             ... on level 5 of the Dungeon.
             The game lasted 00:03:28 (4144 turns).

kae the Cleaver (Hill Orc Fighter)                  Turns: 4144, Time: 00:03:28

Health: 0/63       AC:  6    Str: 21    XL:     7   Next: 14%
Magic:  7/7        EV:  7    Int:  8    God:
Gold:   90         SH: 14    Dex: 10    Spells: 6/6 levels left

rFire    . . .     SeeInvis .   a - +0 war axe
rCold    . . .     Faith    .   c - +0 kite shield
rNeg     . . .     Spirit   .   b - +0 scale mail
rPois    .         Reflect  +   e - +0 hat
rElec    .         Harm     .   (no cloak)
rCorr    .         Rampage  .   (no gloves)
Will     .....                  (no boots)
Stlth    ..........             i - amulet of reflection
HPRegen  0.20/turn              (no ring)
MPRegen  0.10/turn              (no ring)

@: no status effects
A: no striking features
a: no special abilities


You were on level 5 of the Dungeon.
You visited 1 branch of the dungeon, and saw 5 of its levels.

You collected 186 gold pieces.
You spent 96 gold pieces at shops.

Inventory:

Hand Weapons
 a - a +0 war axe (weapon)
Armour
 b - a +0 scale mail (worn)
 c - a +0 kite shield (worn)
 e - a +0 hat (worn)
Jewellery
 i - an amulet of reflection (around neck)
Wands
 o - a wand of polymorph (7)
Scrolls
 l - 3 scrolls of blinking
 n - 2 scrolls of teleportation
 q - a scroll of enchant weapon {unknown}
Potions
 d - a potion of might
 f - a potion of flight
 g - 2 potions of degeneration
 h - 3 potions of curing
 j - a potion of mutation {unknown}
 k - 3 potions of heal wounds
 m - a potion of berserk rage {unknown}
 p - a potion of invisibility {unknown}


   Skills:
 + Level 6.1 Fighting
 * Level 8.2 Axes
 - Level 3.2 Armour
 - Level 3.2 Shields


You had 6 spell levels left.
You didn't know any spells.
Your spell library contained the following spells:

 Spells                   Type           Power      Damage    Failure   Level
 Freeze                   Ice            0%         1d3       99%         1
 Frozen Ramparts          Ice            0%         1d2       100%        3
 Ozocubu's Armour         Ice            0%         N/A       100%        3
 Hailstorm                Conj/Ice       0%         3d3       100%        4
 Metabolic Englaciation   Hex/Ice        0%         N/A       100%        5


Dungeon Overview and Level Annotations

Branches:
Dungeon (5/15)
 Temple: D:4-7

Altars:
Elyvilon
Okawaru
Ru
Sif Muna
Wu Jian
The Shining One

Shops:
D:3 !:

Annotations:
D:5 Menkaure


Message History

A hound comes into view.
A hound is nearby!
A hound is nearby!
The hound barks!
The hound bites you but does no damage.
You miss the hound. The hound barely misses you. You block the hound's attack.
Menkaure, Prince of Dust comes into view.
You closely miss the hound. You block the hound's attack.
The hound bites you but does no damage.
You closely miss the hound. You block the hound's attack. x2
You hit the hound.
The hound is moderately wounded.
You block the hound's attack. x2
Your shield and scale mail prevent you from hitting the hound.
The hound is moderately wounded.
The hound bites you but does no damage. The hound bites you.
You slash the hound!
You kill the hound!
You hit Menkaure.
Menkaure is lightly damaged.
Menkaure hits you!
You barely miss Menkaure.
Menkaure is lightly damaged.
Menkaure hits you!
You are too injured to fight recklessly!
You are too injured to fight recklessly!
You are too injured to fight recklessly!
You are too injured to fight recklessly!
Your scale mail prevents you from hitting Menkaure.
Menkaure is lightly damaged.
Menkaure gestures wildly while chanting.
Menkaure seems to speed up.
You slash Menkaure!
Menkaure is heavily damaged.
Menkaure calls on the powers of darkness!
Your body is wracked with pain!
You slash Menkaure!
Menkaure is almost destroyed.
Menkaure hits you!!
You die...

..#
########.........
..#
########..####.#.
..# ..[.......#
..## .########.#
...# #......#
...# #.######
...# #.# ...#
#.#########.#
...#
#......@M...#
.###
##########..# .#
# .# ##


You could see Menkaure (fast).

Vanquished Creatures
  The ghost of semitonal the Skirmisher, an amateur DsWn of Xom (D:3)
  A hound (D:5)
  A jelly (D:2)
  A bullfrog skeleton (D:3)
  2 orc priests
  Jessica (D:2)
  An iguana (D:4)
  3 orc wizards
  3 adders
  A worm (D:2)
  3 dart slugs
  17 orcs
  4 endoplasms
  2 giant cockroaches
  5 goblins
  6 hobgoblins
  7 jackals
  7 kobolds
  3 quokkas
  4 ball pythons
  6 bats
  5 frilled lizards
84 creatures vanquished.

Notes
Turn   | Place    | Note
-------+----------+-------------------------------------------
     0 | D:1      | kae the Hill Orc Fighter began the quest for the Orb.
     0 | D:1      | Reached XP level 1. HP: 19/19 MP: 1/1
    38 | D:1      | Reached skill level 3 in Axes
   208 | D:1      | Reached XP level 2. HP: 24/27 MP: 2/2
   590 | D:1      | Found a faded altar of an unknown god.
   793 | D:2      | Reached skill level 4 in Axes
   844 | D:2      | Reached XP level 3. HP: 33/33 MP: 3/3
  1060 | D:2      | Noticed Jessica
  1064 | D:2      | Killed Jessica
  1065 | D:2      | Reached skill level 5 in Axes
  1065 | D:2      | Reached XP level 4. HP: 26/41 MP: 4/4
  1658 | D:2      | Reached XP level 5. HP: 26/47 MP: 5/5
  1841 | D:3      | Found Ogoepho's Distillery.
  1848 | D:3      | Bought a potion of curing for 36 gold pieces
  1848 | D:3      | Bought a potion of heal wounds for 60 gold pieces
  1886 | D:3      | Reached skill level 5 in Fighting
  1886 | D:3      | Reached skill level 6 in Axes
  2178 | D:3      | Reached XP level 6. HP: 53/56 MP: 6/6
  2566 | D:3      | Found Luofuown's Book Shoppe.
  2587 | D:3      | Found a transporter.
  2590 | D:3      | Found a transporter.
  2591 | D:3      | Noticed semitonal's ghost (amateur DsWn)
  2597 | D:3      | Identified the +6 great mace of the Madman {drain, Will+}
  2625 | D:3      | Reached skill level 7 in Axes
  2971 | D:4      | Found an ornate altar of the Wu Jian Council.
  3010 | D:4      | Found a glowing golden altar of the Shining One.
  3558 | D:4      | Found an iron altar of Okawaru.
  3766 | D:3      | Killed semitonal's ghost
  3767 | D:3      | Reached skill level 8 in Axes
  3767 | D:3      | Reached XP level 7. HP: 57/63 MP: 7/7
  4058 | D:5      | Entered Level 5 of the Dungeon
  4073 | D:5      | Found a white marble altar of Elyvilon.
  4076 | D:5      | Found a sacrificial altar of Ru.
  4078 | D:5      | Found a shimmering blue altar of Sif Muna.
  4134 | D:5      | Noticed Menkaure
  4144 | D:5      | Slain by Menkaure

Illustrated notes

Levels and vault maps discovered:
D:1:      dpeg_arrival_boxes_within_box, layout_basic, basic_ecumenical_altar,
          kennysheep_decorative_pillar, minmay_misc_feat_room,
          lemuel_old_faithful
D:2:      layout_basic, uniq_jessica
D:3:      layout_basic, serial_shops, shop, shop, gammafunk_ghost_smash
D:4:      layout_rooms, okawaru_gym_becter, nicolae_wu_jian_immortal_techniques,
          tso_metal_star
D:5:      layout_loops_ring, grunt_temple_overflow_open,
          minmay_temple_entry_stoned_glass, gup_sewer_entry_spiral,
          dk_noncrumbling_2, chequers_serial_rivers_marsh, uniq_menkaure

Skill      XL: |  1  2  3  4  5  6 |
---------------+-------------------+-----
Axes           | 3 4 5 6 8 |  8.2
Fighting       | 4 5 6 |  6.1
Armour         | |  3.2
Shields        | |  3.2

Action                   |  1- 3 |  4- 6 |  7- 9 || total
-------------------------+-------+-------+-------++-------
Melee: War axe           |    86 |   162 |    15 ||   263
Evoke: Wand              |       |     1 |     1 ||     2
  Use: Scroll            |     2 |     5 |       ||     7
       Potion            |       |     2 |       ||     2
Armor: Scale mail        |    60 |    43 |     4 ||   107
Dodge: Dodged            |    31 |    46 |     2 ||    79
Block: Kite shield       |    63 |   107 |     9 ||   179
       Reflection        |       |     3 |       ||     3

Table legend: (Time is in decaauts)
 A = Elapsed time spent in this place.
 B = Non-inter-level travel time spent in this place.
 C = Inter-level travel time spent in this place.
 D = Time resting spent in this place.
 E = Time spent auto-exploring this place.
 F = Levels seen in this place.
 G = Mean time per level.
                   A        B        C        D        E       F      G
               +--------+--------+--------+--------+--------+-----+--------+
         Total |   4266 |   4165 |    101 |    823 |   2519 |   5 |  853.2 |
       Dungeon |   4266 |   4165 |    101 |    823 |   2519 |   5 |  853.2 |
               +--------+--------+--------+--------+--------+-----+--------+

Top non-repeatable levels by time:
     D:3: 1151 daAuts
     D:4: 1114 daAuts
     D:2: 1091 daAuts
     D:1: 817 daAuts
     D:5: 90 daAuts
